 Dungeon Crawl Stone Soup version 0.32-a0-13-gbaedc5810e (webtiles) character file.

Game seed: 1634979707358002556

550 Bnni the Apothecary (level 7, -7/31 (46) HPs)
             Began as an Octopode Alchemist on Jan 15, 2024.
             Was an Initiate of Gozag.
             Mangled by Pascal76's ghost (8 damage)
             ... on level 3 of the Dungeon.
             The game lasted 00:05:58 (2802 turns).

Bnni the Apothecary (Octopode Alchemist)            Turns: 2802, Time: 00:05:59

HP:   -7/31 (46)    AC:  1    Str:  5 (7)  XL:     7   Next: 29%
MP:   12/12         EV: 13    Int: 17 (20) God:    Gozag
Gold: 259           SH:  0    Dex: 10 (12) Spells: 3/13 levels left

rFire   . . .        l - +0 dagger (venom)
rCold   + + .        (no shield)
rNeg    . . .        (helmet restricted)
rPois   .            g - amulet of magic regeneration
rElec   .            n - ring of protection from cold
rCorr   .            m - ring of protection from cold
SInv    .            (no ring)
Will    +....        (no ring)
Stlth   +++          (no ring)
HPRegen 0.25/turn    (no ring)
MPRegen 0.53/turn    (no ring)
                     (no ring)

%: no passive effects
@: enlightened, flying (expiring), very heavily drained
A: almost no armour, amphibious, 8 rings, camouflage 1, gelatinous body 1,
(nimble swimmer 1), tentacles
a: Renounce Religion, Potion Petition, Call Merchant, Bribe Branch


You were on level 3 of the Dungeon.
You worshipped Gozag.
Gozag was aware of your devotion.
You visited 1 branch of the dungeon, and saw 3 of its levels.

You collected 274 gold pieces.
You paid 15 gold pieces to Gozag.

Inventory:

Hand Weapons
 l - a +0 dagger of venom (weapon)
Jewellery
 g - an amulet of magic regeneration (around mantle)
 m - a ring of protection from cold (right tentacle)
 n - a ring of protection from cold (left tentacle)
Scrolls
 b - a scroll of fog {unknown}
 c - 3 scrolls of enchant weapon {unknown}
 e - a scroll of vulnerability {unknown}
 h - 2 scrolls of blinking {unknown}
 k - 7 scrolls of identify {unknown}
 o - a scroll of amnesia {unknown}
 q - a scroll of teleportation {unknown}
Potions
 a - a potion of magic
 i - 4 potions of curing {unknown}
 p - a potion of mutation {unknown}


   Skills:
 + Level 3.4 Fighting
 - Level 2.0 Dodging
 - Level 2.6 Stealth
 + Level 3.9 Spellcasting
 - Level 1.0 Conjurations
 * Level 6.7 Alchemy


You had 3 spell levels left.
You knew the following spells:

 Your Spells              Type           Power      Damage    Failure   Level
a - Sting                 Conj/Alch      64%        1d7       3%          1
b - Mercury Vapours       Alch/Air       28%        N/A       6%          2
c - Mephitic Cloud        Conj/Alch/Air  12%        N/A       17%         3
d - Olgreb's Toxic Radia  Alch           26%        N/A       10%         4

Your spell library contained the following spells:

 Spells                   Type           Power      Damage    Failure   Level
 Sticky Flame             Fire/Alch      14%        2d5       36%         4


Dungeon Overview and Level Annotations

Branches:
Dungeon (3/15)

Altars:
Gozag
Qazlal
Trog

Shops:
D:1 *

Annotations:
D:3 Pascal76's ghost, weakling MiFi


Innate Abilities, Weirdness & Mutations

You cannot wear most types of armour.
You are amphibious.
You can wear up to eight rings at the same time.
Your skin changes colour to match your surroundings (Stealth+).
Your rubbery body absorbs attacks. (AC +1, EV +1)
((You are camouflaged when in or above water. (Stealth+)))
You have tentacles for arms and can constrict up to eight enemies at once.


Message History

Pascal76's ghost is no longer weakened.
There is an escape hatch in the ceiling here.
Casting: Mercury Vapours (safe; 6% risk of failure)
Confirm with . or Enter, or press ? or * to list all spells.
Aiming: Mercury Vapours (safe; 6% risk of failure)
Press: ? - help, Dir - move target, f/p - Pascal76's ghost
Aim: Pascal76's ghost, wielding a weapon of draining (lightly damaged, chance to weaken: 100%) Fumes of mercury billow around Pascal76's ghost!
Pascal76's ghost looks weaker.
You feel your attacks grow feeble. Pascal76's ghost hits you.
You feel drained.
Pascal76's ghost attacks as it pursues you!
Pascal76's ghost hits you but does no damage.
You feel drained.
Pascal76's ghost is no longer weakened.
Pascal76's ghost hits you!
* * * LOW HITPOINT WARNING * * *
You feel drained.
* * * LOW HITPOINT WARNING * * *
You feel much better. Pascal76's ghost barely misses you.
Pascal76's ghost hits you but does no damage.
You feel drained.
There is an escape hatch in the ceiling here.
You are starting to lose your buoyancy.
Pascal76's ghost attacks as it pursues you!
Pascal76's ghost hits you!
You feel drained.
Your attacks no longer feel as feeble.
Pascal76's ghost attacks as it pursues you!
Pascal76's ghost hits you.
* * * LOW HITPOINT WARNING * * *
You feel drained.
* * * LOW HITPOINT WARNING * * *
Pascal76's ghost attacks as it pursues you!
Pascal76's ghost hits you.
* * * LOW HITPOINT WARNING * * *
You feel drained.
You see here a +0 short sword.
Pascal76's ghost attacks as it pursues you!
Pascal76's ghost hits you!
You die...
Your body crumbles into a pile of gold.

.#.### #..# ###O$'### .#.# #..#
#.W{....#
.#.######..############.......###
.#.##........................(...
.#.##.###.......>..#.........####
.#.##.# #.#######.##.######### #
.#.##.# #.# #.##.# # ##.##.#
#.#######.##.# #
##.##.###.#....W@.$..# #
..........#.#####.#### #
.........<..# #.# # ..###.#######
#(# ..# #.# #.# ###
#.###########.# # #.............#
# ###############


You could see Pascal76's ghost.

Vanquished Creatures
  Grinder (D:3)
  Sigmund (D:2)
  An ogre (D:3)
  Terence (D:2)
  Natasha (D:3)
  2 dart slugs
  An orc (D:3)
  6 bats
  7 endoplasms
  3 giant cockroaches
  9 hobgoblins
  2 quokkas
  3 ball pythons
  7 frilled lizards
  6 goblins
  2 kobolds (D:3)
  8 rats
61 creatures vanquished.

Notes
Turn   | Place    | Note
-------+----------+-------------------------------------------
     0 | D:1      | Bnni the Octopode Alchemist began the quest for the Orb.
     0 | D:1      | Reached XP level 1. HP: 11/11 MP: 3/3
     8 | D:1      | Found Wiog's General Store.
   106 | D:1      | Reached XP level 2. HP: 18/18 MP: 0/5
   479 | D:1      | Learned a level 2 spell: Mercury Vapours
   630 | D:1      | Reached skill level 1 in Fighting
   640 | D:1      | Reached skill level 4 in Alchemy
   640 | D:1      | Reached XP level 3. HP: 20/23 MP: 1/6
   644 | D:1      | Learned a level 3 spell: Mephitic Cloud
  1174 | D:2      | Noticed Terence
  1185 | D:2      | Killed Terence
  1186 | D:2      | Reached XP level 4. HP: 5/28 MP: 1/7
  1283 | D:2      | Found an opulent altar of Gozag.
  1309 | D:2      | Became a worshipper of Gozag Ym Sagoz the Greedy
  1314 | D:2      | Noticed Sigmund
  1546 | D:2      | Killed Sigmund
  1547 | D:2      | Reached skill level 5 in Alchemy
  1547 | D:2      | Reached XP level 5. HP: 34/35 MP: 5/9
  1635 | D:2      | Learned a level 4 spell: Olgreb's Toxic Radiance
  1697 | D:2      | Reached XP level 6. HP: 41/41 MP: 10/10
  1738 | D:3      | Found a stormy altar of Qazlal.
  1934 | D:3      | Noticed Grinder
  1950 | D:3      | Killed Grinder
  1951 | D:3      | Reached skill level 6 in Alchemy
  2033 | D:3      | Found a runed translucent gate.
  2034 | D:3      | Found a runed translucent gate.
  2034 | D:3      | Found a runed translucent gate.
  2035 | D:3      | Found an opulent altar of Gozag.
  2035 | D:3      | Noticed a sky beast
  2036 | D:3      | Noticed Pascal76's ghost (weakling MiFi)
  2107 | D:3      | Reached XP level 7. HP: 46/46 MP: 12/12
  2175 | D:3      | Found a bloodstained altar of Trog.
  2473 | D:3      | Noticed Natasha
  2484 | D:3      | Killed Natasha
  2801 | D:3      | HP: 1/32 [Pascal76's ghost (1)]
  2802 | D:3      | Mangled by Pascal76's ghost

Illustrated notes

Levels and vault maps discovered:
D:1:      amcnicky_arrival_flooded_fountain, layout_basic, serial_shops, shop
D:2:      layout_rooms, basic_altar, small_statue_intersection, uniq_terence,
          uniq_sigmund
D:3:      layout_loops_ring, mainiacjoe_overflow_cross_hatched,
          mainiacjoe_overflow_surrounded_room, ebering_ghost_gozag,
          kennysheep_potato, uniq_natasha, uniq_grinder

Skill      XL: |  1  2  3  4  5  6 |
---------------+-------------------+-----
Fighting       | 1 2 3 |  3.4
Alchemy        | 4 5 6 |  6.7
Spellcasting   | 3 |  3.9
Dodging        | |  2.0
Stealth        | |  2.6
Conjurations   | |  1.0

Action                     |  1- 3 |  4- 6 |  7- 9 || total
---------------------------+-------+-------+-------++-------
  Melee: Dagger            |    37 |    18 |    26 ||    81
         Constrict         |    12 |     5 |     5 ||    22
         Tentacles         |     8 |     7 |     6 ||    21
         Punch             |       |       |     1 ||     1
   Cast: Sting             |    34 |    25 |     6 ||    65
         Mercury Vapours   |     3 |     3 |     2 ||     8
         Mephitic Cloud    |       |     1 |       ||     1
         Olgreb's Toxic Ra |       |       |     2 ||     2
    Use: Potion            |       |       |     4 ||     4
   Stab: Sleeping          |     3 |       |       ||     3
         Confused          |       |     1 |       ||     1
 Armour: Skin              |    20 |    13 |    21 ||    54
  Dodge: Dodged            |    25 |    17 |    12 ||    54

Table legend: (Time is in decaauts)
 A = Elapsed time spent in this place.
 B = Non-inter-level travel time spent in this place.
 C = Inter-level travel time spent in this place.
 D = Time resting spent in this place.
 E = Time spent auto-exploring this place.
 F = Levels seen in this place.
 G = Mean time per level.
                   A        B        C        D        E       F      G
               +--------+--------+--------+--------+--------+-----+--------+
         Total |   2800 |   2772 |     28 |    279 |   1996 |   3 |  933.3 |
       Dungeon |   2800 |   2772 |     28 |    279 |   1996 |   3 |  933.3 |
               +--------+--------+--------+--------+--------+-----+--------+

Top non-repeatable levels by time:
     D:1: 1239 daAuts
     D:3: 1072 daAuts
     D:2: 488 daAuts
